Map: Orbital Shipyard

Players

Alcatrasz - Winner!

  • Race: Zerg Zerg
  • League: Silver

Hellscar

  • Race: Zerg Zerg

VOD

Have the link to the VOD?

Description

Time

  • Played on: Nov. 16, 2015, 7:57 p.m.
  • Length: 11:26
Show
View Real Time Build Order
Export as new Build Order

Alcatrasz Zerg - Winner!

Build Orders: Hatch First 

Get SALT Encoding   

  12  0:01  Drone  
  13  0:09  Drone  
  14  0:17  Overlord  
  14  0:25  Drone, Extractor  
  14  0:35  Drone x2  
  16  0:44  Drone  
  17  1:00  Hatchery  
  16  1:15  Spawning Pool  
  16  1:18  Drone  
  16  1:22  Drone  
  17  1:26  Drone  
  18  1:34  Overlord  
  19  1:54  Drone x2, Extractor  
  19  2:00  Overlord  
  19  2:03  Queen  
  21  2:12  Zergling x4  
  23  2:17  Metabolic Boost  
  23  2:23  Drone  
  24  2:30  Queen  
  26  2:39  Baneling Nest  
  25  2:45  Drone x2  
  25  2:47  Zergling x2  
  28  2:59  Spine Crawler  
  28  3:03  Drone x2  
  29  3:12  Lair  
  29  3:16  Drone  
  30  3:25  Zergling x2  
  30  3:26  Zergling x4  
  33  3:32  Overlord  
  33  3:39  Zergling x2  
  33  3:40  Zergling x2  
  35  3:47  Baneling x3  
  35  3:48  Baneling x3  
  35  3:59  Drone x3  
  37  4:34  Overlord  
  37  4:40  Spire  
  37  4:42  Hatchery  
  37  4:43  Drone, Spine Crawler  
  37  4:44  Drone  
  37  4:45  Drone  
  37  4:58  Roach Warren  
  37  4:59  Drone  
  37  5:08  Overseer  
  37  5:10  Overseer  
  36  5:15  Baneling  
  36  5:16  Baneling  
  36  5:17  Baneling x8  
  36  5:24  Zergling x4  
  36  5:25  Zergling x2  
  38  5:34  Zergling x6  
  41  5:51  Mutalisk x2  
  41  5:55  Mutalisk  
  47  5:59  Drone  
  48  6:06  Evolution Chamber  
  48  6:08  Drone x4  
  48  6:10  Overlord  
  51  6:14  Drone  
  51  6:18  Mutalisk  
  54  6:27  Baneling  
  54  6:28  Baneling  
  54  6:33  Zergling x6  
  54  6:34  Zergling x6  
  54  6:37  Drone  
  61  6:43  Zerg Melee Weapons Level 1  
  61  6:57  Drone x2, Extractor  
  61  6:58  Drone, Extractor  
  61  6:59  Zergling x2  
  63  7:05  Spore Crawler  
  62  7:08  Spore Crawler  
  62  7:13  Roach  
  62  7:14  Roach x4  
  71  7:19  Queen  
  73  7:24  Overlord  
  73  7:29  Baneling x4  
  73  7:41  Drone, Overlord  
  73  7:42  Overlord  
  74  7:52  Drone x5  
  74  7:53  Drone x2  
  74  8:01  Mutalisk x2  
  68  8:07  Zergling x2  
  68  8:08  Zergling x4  
  69  8:19  Zergling x2  
  70  8:20  Zergling x12  
  70  8:24  Drone  
  77  8:30  Mutalisk x2  
  81  8:39  Overlord x2  
  81  8:59  Mutalisk x2  
  81  9:01  Zergling x8  
  81  9:02  Zergling x10  
  94  9:04  Baneling x4  
  94  9:19  Drone, Extractor  
  94  9:27  Mutalisk x2  
  94  9:29  Zergling x10  
  94  9:30  Overlord  
  103  9:32  Baneling  
  103  9:45  Drone x4  
  107  9:49  Zergling x2  
  107  9:50  Zergling x6  
  107  9:51  Mutalisk  
  111  10:25  Mutalisk  
  111  10:26  Mutalisk x2  
  111  10:27  Overlord x2, Zergling x2  
  111  10:28  Zergling x4  
  114  10:38  Mutalisk  
  114  10:39  Zergling x2  
  114  10:40  Zergling x8  
  111  10:59  Zergling x8  
  111  11:09  Zergling x2  
Show
View Real Time Build Order
Export as new Build Order

Hellscar Zerg 

Build Orders: Pool First 

Get SALT Encoding   

  12  0:11  Drone  
  13  0:15  Extractor  
  12  0:26  Spawning Pool  
  11  0:30  Drone  
  12  0:42  Overlord  
  12  0:46  Drone  
  13  0:51  Drone  
  14  1:06  Drone x2  
  16  1:18  Queen  
  16  1:23  Drone  
  19  1:33  Overlord  
  19  1:37  Drone  
  20  1:46  Metabolic Boost  
  20  1:51  Zergling x2  
  21  2:00  Queen  
  23  2:03  Zergling x2  
  24  2:13  Zergling x2  
  25  2:23  Zergling x2  
  26  2:32  Hatchery  
  26  2:35  Drone  
  26  2:44  Overlord  
  26  2:55  Drone  
  26  3:02  Roach Warren  
  26  3:05  Drone  
  26  3:06  Drone  
  27  3:13  Zergling x2  
  27  3:14  Zergling x2  
  29  3:31  Overlord  
  29  3:44  Queen  
  29  3:48  Roach x2  
  35  3:53  Overlord  
  35  4:01  Lair  
  35  4:02  Drone  
  36  4:08  Roach  
  36  4:27  Roach x3  
  36  4:28  Roach  
  44  4:42  Roach x3  
  51  4:45  Drone  
  51  4:48  Drone  
  52  4:54  Overlord  
  51  5:16  Roach x4  
  58  5:28  Roach  
  59  5:29  Overlord  
  59  5:30  Overlord  
  59  5:46  Evolution Chamber  
  59  5:47  Evolution Chamber  
  59  5:48  Extractor  
  59  5:49  Drone x2  
  58  5:50  Drone, Extractor x2  
  57  5:59  Drone x2  
  59  6:08  Roach  
  61  6:13  Zerg Missile Weapons Level 1  
  61  6:21  Drone x2  
  61  6:22  Drone  
  64  6:30  Pneumatized Carapace  
  64  6:36  Drone  
  64  6:38  Drone  
  66  6:44  Overlord  
  66  6:47  Drone  
  67  7:06  Glial Reconstitution  
  67  7:11  Burrow  
  67  7:14  Spore Crawler  
  66  7:16  Spore Crawler  
  66  7:21  Ravager x2  
  67  7:23  Ravager  
  67  7:25  Drone x3  
  67  7:26  Drone  
  72  7:31  Drone  
  72  7:34  Drone  
  72  7:35  Drone  
  51  8:09  Zerg Missile Weapons Level 2  
  51  8:11  Hydralisk Den  
  39  8:25  Drone  
  39  8:26  Drone  
  41  8:27  Drone  
  41  8:30  Drone  
  41  8:32  Extractor  
  41  8:33  Drone  
  43  8:34  Hatchery  
  43  8:35  Extractor  
  41  8:44  Overseer  
  41  8:47  Drone x4  
  45  8:49  Drone  
  45  8:50  Hatchery  
  45  9:00  Zerg Ground Armor Level 1  
  45  9:05  Hydralisk  
  45  9:06  Hydralisk  
  49  9:10  Muscular Augments  
  49  9:19  Hydralisk x2  
  53  9:36  Roach x5  
  53  9:37  Roach  
  65  9:52  Queen  
  65  9:55  Drone x3  
  65  9:56  Drone x4  
  74  10:07  Roach  
  74  10:08  Roach x3  
  80  10:14  Hydralisk  
  80  10:20  Ravager x3  
  85  10:23  Zergling x6  
  85  10:26  Overlord  
  41  10:50  Zergling x12  
  41  10:51  Zergling x4  
  41  10:52  Zergling x2  
  41  10:54  Zergling x2  
Tags
 
Add a new tag
Caveats
  • Supply blocks, unpowered buildings, or Contaminate may cause inaccurate times.
  • Supply counts are checked every 10 seconds.